 Dungeon Crawl Stone Soup version 0.28.0-43-g3370ac3207 (webtiles) character file.

Game seed: 13547355756379143959

4 smarlow the Sneak (level 1, -2/9 HPs)
             Began as a Vine Stalker Enchanter on Mar 22, 2022.
             Slain by a jackal (3 damage)
             ... on level 1 of the Dungeon.
             The game lasted 00:00:27 (143 turns).

smarlow the Sneak (Vine Stalker Enchanter)           Turns: 143, Time: 00:00:27

Health: -2/9       AC:  2    Str: 10    XL:     1   Next: 70%
Magic:  0/4        EV: 12    Int: 15    God:
Gold:   0          SH:  0    Dex: 14    Spells: 4/4 levels left

rFire   . . .      SeeInvis .   a - +1 dagger
rCold   . . .      Faith    .   (no shield)
rNeg    . . .      Spirit   +   b - +0 robe
rPois   .          Reflect  .   (no helmet)
rElec   .          Harm     .   (no cloak)
rCorr   .          Rampage  .   (no gloves)
Will    .....                   (no boots)
Stlth   ++........              (no amulet)
HPRegen 0.03/turn               e - ring of flight
MPRegen 0.09/turn               (no ring)

@: flying
A: fangs 2, magic shield, antimagic bite, no potion heal 2
a: no special abilities


You were on level 1 of the Dungeon.
You visited 1 branch of the dungeon, and saw 1 of its levels.

Inventory:

Hand Weapons
 a - a +1 dagger (weapon)
Armour
 b - a +0 robe (worn)
Jewellery
 e - a ring of flight (left hand)
Scrolls
 d - a scroll of summoning {unknown}
Potions
 c - a potion of invisibility


   Skills:
 + Level 1.0 Short Blades
 + Level 1.6 Dodging
 + Level 3.7 Stealth
 + Level 2.2 Spellcasting
 + Level 3.0 Hexes


You had 4 spell levels left.
You didn't know any spells.
Your spell library contained the following spells:

 Spells                   Type           Power      Damage    Failure   Level
 Ensorcelled Hibernation  Hex/Ice        12%        N/A       17%         2
 Confusing Touch          Hex            10%        N/A       19%         3
 Tukima's Dance           Hex            10%        N/A       19%         3
 Dazzling Flash           Conj/Hex       12%        N/A       34%         3


Dungeon Overview and Level Annotations

Branches:
Dungeon (1/15)

Altars:


Innate Abilities, Weirdness & Mutations

You have extremely sharp teeth.
When hurt, damage is shared between your health and your magic reserves.
Your bite disrupts and absorbs the magic of your enemies.
Potions cannot restore your health.


Message History

You feel invigorated.
The jackal is almost dead.
The jackal barely misses you.
You miss the jackal. You punch the jackal.
You kill the jackal!
Your Short Blades skill increases to level 1!
You hit the jackal.
The jackal is moderately wounded.
The jackal completely misses you. The jackal bites you.
You hit the jackal but do no damage. Your bite misses the jackal.
The jackal is moderately wounded.
The jackal bites you.
A rat comes into view.
You barely miss the jackal.
The jackal is moderately wounded.
The jackal barely misses you. The jackal closely misses you.
You miss the jackal. Your bite misses the jackal.
The jackal is moderately wounded.
The jackal bites you but does no damage.
You hit the jackal. You bite the jackal, but do no damage.
The jackal is almost dead.
The jackal bites you.
* * * LOW HITPOINT WARNING * * *
A giant cockroach comes into view.
You hit the jackal.
You kill the jackal!
The jackal closely misses you.
You barely miss the jackal. The jackal bites you.
* * * LOW HITPOINT WARNING * * *
You hit the jackal but do no damage. The jackal closely misses you.
The jackal bites you. The jackal closely misses you. The jackal bites you.
* * * LOW HITPOINT WARNING * * *
There is a stone staircase leading down here.
The jackal barely misses you. The jackal closely misses you.
The jackal bites you. The jackal bites you.
You die...

#...#.#......###....
#...#.#......#.#....
#.........r....#####
#......Kl#####.#####
#...................
#.......##..........
###...................
#^#..hh...###.........
#####.@h.....+.........
#...##.#######.........
+.>.'..# #..........
#...#### #.....#####
###.### #.....# #e#.#T#
#.....# ###.#####
#.....# #^#...#e#
####### #####.###


You could see 3 jackals, a kobold, a frilled lizard and a rat.

Vanquished Creatures
  2 jackals (D:1)
  A ball python (D:1)
  A bat (D:1)
  A rat (D:1)
5 creatures vanquished.

Notes
Turn   | Place    | Note
-------+----------+-------------------------------------------
     0 | D:1      | smarlow the Vine Stalker Enchanter began the quest for the
                  | Orb.
     0 | D:1      | Reached XP level 1. HP: 9/9 MP: 4/4
     0 | D:1      | Noticed a demigod
     2 | D:1      | Noticed a formicid
     2 | D:1      | Noticed an ogre
     4 | D:1      | Noticed a vampire
     8 | D:1      | Noticed a naga
    11 | D:1      | Noticed a barachi
    13 | D:1      | Noticed a felid
    15 | D:1      | Noticed a troll
    15 | D:1      | Noticed a troll
    17 | D:1      | Noticed an octopode
    17 | D:1      | Noticed a troll
    19 | D:1      | Noticed an elf
    19 | D:1      | Noticed an elf
   124 | D:1      | Reached skill level 1 in Short Blades
   143 | D:1      | Slain by a jackal

Illustrated notes

Levels and vault maps discovered:
D:1:      shiori_arrival_whats_in_store_for_you, layout_basic,
          shapermc_ecumenical_altar_mp_ritualfount

Skill      XL: |  1 |
---------------+----+-----
Short Blades   | 1 |  1.0
Dodging        | |  1.6
Stealth        | |  3.7
Spellcasting   | |  2.2
Hexes          | |  3.0

Action                   || total
-------------------------++-------
Melee: Dagger            ||    14
       Bite              ||     3
       Punch             ||     1
Armor: Robe              ||     2
Dodge: Dodged            ||    11
